 Dungeon Crawl Stone Soup version 0.24.0-123-gd5b16e6ec5 (webtiles) character file.

Game seed: 12866856128775341603, levelgen mode: deterministic

15 vurker the Gusty (level 2, -1/12 HPs)
             Began as a Felid Air Elementalist on Feb 4, 2020.
             Slain by Sigmund
             ... wielding a +1 scythe of protection
              (13 damage)
             ... on level 2 of the Dungeon.
             The game lasted 00:01:08 (742 turns).

vurker the Gusty (Felid Air Elementalist)            Turns: 742, Time: 00:01:08

Health: -1/12      AC:  1    Str:  4    XL:     2   Next: 34%
Magic:  0/6        EV: 18    Int: 16    God:
Gold:   94         SH:  0    Dex: 16    Spells: 4/5 levels left
                                        Lives:  0   Deaths: 0

rFire    . . .     SeeInvis +   (weapon unavailable)
rCold    . . .     Gourm    .   (shield unavailable)
rNeg     . . .     Faith    .   (armour unavailable)
rPois    .         Spirit   .   (helmet unavailable)
rElec    .         Reflect  .   (cloak unavailable)
rCorr    .         Harm     .   (gloves unavailable)
MR       .....                  (boots unavailable)
Stlth    +++.......             (no amulet)
HPRegen  0.04/turn              (no ring)
MPRegen  0.10/turn              (no ring)

@: very slightly contaminated, quick
A: very small, no armour, no weapons or thrown items, stealth, claws 1, fangs 3,
see invisible, carnivore, speed 1, shaggy fur 1, slow metabolism 1, sharp paws
a: no special abilities


You were on level 2 of the Dungeon.
You were full.

You visited 1 branch of the dungeon, and saw 2 of its levels.

You collected 94 gold pieces.

Inventory:

Jewellery
 b - a +3 ring of evasion {unknown}
   (You found it on level 1 of the Dungeon)
Scrolls
 a - a scroll of fog {unknown}
 d - a scroll of magic mapping {unknown}
 g - a scroll of enchant armour {unknown}
Potions
 c - a potion of magic {unknown}
 f - 2 potions of heal wounds {unknown}
Comestibles
 e - 2 rations


   Skills:
 + Level 0.3 Fighting
 - Level 2.6 Dodging
 - Level 2.6 Stealth
 * Level 2.2 Spellcasting
 * Level 1.3 Conjurations
 * Level 2.9 Air Magic


You had 4 spell levels left.
You knew the following spells:

 Your Spells              Type           Power        Failure   Level  Hunger
a - Shock                 Conj/Air       #...         9%          1    #......

Your spell library contained the following spells:

 Spells                   Type           Power        Failure   Level  Hunger
 Swiftness                Chrm/Air       #.......     17%         2    ###....
 Static Discharge         Conj/Air       #.......     26%         3    ###....
 Airstrike                Air            ##........   52%         4    #####..
 Lightning Bolt           Conj/Air       #.........   93%         5    ######.


Dungeon Overview and Level Annotations

Branches:
Dungeon (2/15)

Altars:

Annotations:
D:2 Sigmund


Innate Abilities, Weirdness & Mutations

You cannot wear armour.
You are incapable of wielding weapons or throwing items.
Your paws allow you to move quietly. (Stealth)
You have sharp claws.
You have razor-sharp teeth.
You have supernaturally acute eyesight. (SInv)
You are carnivorous and can eat meat at any time.
You cover ground quickly.
You are covered in fur. (AC +1)
You have a slow metabolism.
Your sharp claws are effective at attacking unaware monsters.


Message History

The zap hits the kobold.
You kill the kobold!
Aim: a bat The zap hits the bat.
You kill the bat!
A kobold comes into view. It is wielding a +0 whip.
Aim: a kobold, wielding a +0 whip (hasn't noticed you)
The zap hits the kobold.
You kill the kobold!
You can't see any susceptible monsters within range! (Use Z to cast anyway.)
You can't see any susceptible monsters within range! (Use Z to cast anyway.)
Found a spear.
You see here a +0 club.
Things that are here:
a +0 whip; a kobold corpse
Things that are here:
a spear; a hunting sling
Things that are here:
a +0 whip; a kobold corpse
g - a scroll labeled BIQALE ILAMORGH Done exploring.
Done exploring.
Done exploring.
There is a stone staircase leading down here.
You climb downwards.
There is a stone staircase leading up here.
Sigmund the Dreaded comes into view.
He is wielding a +1 scythe of protection.
Found a mace.
Found a stone staircase leading up.
Aim: Sigmund, wielding a +1 scythe of protection and wearing a +0 robe (resting)
The zap hits Sigmund but does no damage.
Sigmund shouts!
The zap hits Sigmund.
The zap hits Sigmund but does no damage.
Okay, then.
Sigmund gestures wildly while chanting.
Sigmund flickers and vanishes for a moment.
Sigmund points at you and mumbles some strange words.
The puff of flame misses you.
The zap hits Sigmund.
The zap misses Sigmund.
You miscast Shock.
You are very lightly contaminated with residual magic.
Nothing appears to happen.
Sigmund barely misses you.
The zap hits Sigmund.
The zap misses Sigmund.
The zap hits Sigmund but does no damage.
The zap misses Sigmund.
Sigmund barely misses you.
The zap hits Sigmund but does no damage.
The zap hits Sigmund.
Sigmund hits you from afar with a +1 scythe of protection!
Ouch! That really hurt!
You die...

#.# #.# #.#
###.# #.
#...# #<
#.### #. #.#
#@ #.# #.
#@# #. #.#
##.#######@#
#...@......#
#..#########
#.. #.. #..
#..


You could see Sigmund (invisible).

Vanquished Creatures
  A giant cockroach (D:1)
  A hobgoblin (D:1)
  6 kobolds (D:1)
  4 bats (D:1)
  A frilled lizard (D:1)
  4 rats (D:1)
17 creatures vanquished.

Notes
Turn   | Place    | Note
-------+----------+-------------------------------------------
     0 | D:1      | vurker the Felid Air Elementalist began the quest for the
                  | Orb.
     0 | D:1      | Reached XP level 1. HP: 7/7 MP: 4/4
    84 | D:1      | Reached skill level 1 in Conjurations
   341 | D:1      | Reached XP level 2. HP: 11/11 MP: 1/6
   722 | D:2      | Noticed Sigmund
   742 | D:2      | Slain by Sigmund

Levels and vault maps discovered:
D:1:      dpeg_arrival_long_road, layout_rooms
D:2:      layout_loops_ring, minmay_misc_feat_cross, uniq_sigmund

Skill      XL: |  1 |
---------------+----+-----
Conjurations   | 1 |  1.3
Fighting       | |  0.3
Dodging        | |  2.6
Stealth        | |  2.6
Spellcasting   | |  2.2
Air Magic      | |  2.9

Action                   || total
-------------------------++-------
Melee: Unarmed           ||     2
 Cast: Shock             ||    35
  Eat: Chunk             ||     4
Dodge: Dodged            ||     9
